 Dungeon Crawl Stone Soup version 0.27-a0-668-gb5737ff2c0 (webtiles) character file.

Game seed: 363325102413259379

884 robertstho the Skirmisher (level 8, -4/64 HPs)
             Began as a Formicid Abyssal Knight on Mar 16, 2021.
             Was an Elder of Lugonu.
             Slain by a gnoll sergeant
             ... wielding a +1 trident of flaming
              (6 damage)
             ... on level 7 of the Dungeon on Mar 17, 2021.
             The game lasted 00:13:09 (7742 turns).

robertstho the Skirmisher (Formicid Abyssal Knight) Turns: 7742, Time: 00:13:11

Health: -4/64      AC:  8    Str: 19    XL:     8   Next: 26%
Magic:  11/11      EV: 10    Int: 12    God:    Lugonu [****..]
Gold:   137        SH:  0    Dex: 10    Spells: 7/7 levels left

rFire    x . .     SeeInvis +   a - +1 hand axe
rCold    + . .     Faith    .   (no shield)
rNeg     . . .     Spirit   .   c - +0 scale mail
rPois    .         Reflect  .   (helmet unavailable)
rElec    .         Harm     .   i - +0 cloak
rCorr    .         Rampage  .   (no gloves)
Will     .....                  (no boots)
Stlth    ..........             (no amulet)
HPRegen  0.20/turn              f - ring of ice
MPRegen  0.12/turn              (no ring)

@: no status effects
A: permanent stasis, dig shafts and tunnels, antennae 3, four strong arms
a: Dig, Shaft Self, Renounce Religion, Depart the Abyss, Bend Space, Banish,
Corrupt


You were on level 7 of the Dungeon.
You worshipped Lugonu.
Lugonu was greatly pleased with you.
You visited 1 branch of the dungeon, and saw 7 of its levels.
You visited the Abyss 1 time.
You also visited: Ossuary.

You collected 137 gold pieces.

Inventory:

Hand Weapons
 a - a +1 hand axe (weapon)
 g - a +1 short sword of draining
 h - a +0 flail
 p - a +1 dagger of venom
Armour
 b - a +0 leather armour
 c - a +0 scale mail (worn)
 i - a +0 cloak (worn)
Jewellery
 f - a ring of ice (right hand)
Scrolls
 j - a scroll of teleportation {unknown}
 n - a scroll of silence {unknown}
 o - a scroll of immolation
 q - 2 scrolls of enchant weapon {unknown}
 s - a scroll of fear {unknown}
Potions
 d - 2 potions of flight
 e - 3 potions of ambrosia {unknown}
 k - a potion of cancellation
 m - 2 potions of heal wounds
 r - 2 potions of attraction {unknown}


   Skills:
 * Level 5.9 Fighting
 + Level 2.4 Short Blades
 + Level 3.4 Axes
 * Level 5.7 Armour
 + Level 2.1 Dodging
 + Level 0.1 Stealth
 * Level 4.8 Invocations


You had 7 spell levels left.
You didn't know any spells.
Your spell library was empty.

Dungeon Overview and Level Annotations

Branches:
Dungeon (7/15)             Temple (0/1) D:5         Ossuary (visited)

Altars:
Kikubaaqudgha
Nemelex Xobeh
Uskayaw

Annotations:
D:4 1 runed translucent door, Crazy Yiuf


Innate Abilities, Weirdness & Mutations

You cannot be hasted, slowed, berserked, paralysed or teleported.
You can dig through walls and to a lower floor.
You have a pair of large antennae on your head. (SInv)
Your four strong arms can wield two-handed weapons with a shield.


Message History

The worker ant bites you but does no damage.
A shaft appears beneath you!
You fall into a shaft and drop 1 floor!
The shaft crumbles and collapses.
* * * LOW HITPOINT WARNING * * *
You feel sick.
You feel better.
You start resting.
HP restored.
Found a leather armour.
You see here a +0 leather armour.
You fall into a shaft and drop 1 floor!
The shaft crumbles and collapses.
A gnoll comes into view. It is wielding a +0 spear.
The gnoll shouts!
A gnoll comes into view. It is wielding a +0 halberd.
The gnoll shouts!
A gnoll comes into view. It is wielding a +0 flail.
The gnoll shouts!
A gnoll comes into view. It is wielding a +0 flail.
The gnoll shouts!
A gnoll comes into view. It is wielding a +0 halberd.
The gnoll shouts!
The gnoll hits you but does no damage. The gnoll sergeant barely misses you.
The gnoll hits you from afar with a +0 halberd!
The gnoll closely misses you. x2; The gnoll hits you with a +0 halberd.
Found 20 gold pieces.
A gnoll sergeant comes into view. It is wielding a +1 trident of flaming.
The gnoll hits you with a +0 halberd! The gnoll hits you but does no damage.
The gnoll hits you from afar with a +0 halberd.
The gnoll completely misses you.
You see here 20 gold pieces.
You open the door. The gnoll hits you with a +0 flail.
The gnoll hits you with a +0 halberd. The gnoll hits you but does no damage.
The gnoll hits you from afar with a +0 halberd!
* * * LOW HITPOINT WARNING * * *
The gnoll hits you with a +0 flail!
* * * LOW HITPOINT WARNING * * *
The gnoll sergeant hits you from afar with a +1 trident of flaming.
You die...

## .# ###.# #
#.gg####
#.#g...#...
#.'@.g.#...
###gg..#....
######....#######
#..........#
#.....<....##
.>........T...
............#.
........#####.
..##+#.## ##


You could see a gnoll sergeant and 5 gnolls.

Vanquished Creatures
  A centaur (D:3)
  A phantom (D:5)
  An elf zombie (Ossuary)
  A centaur zombie (Ossuary)
  A gnoll shaman (D:4)
  3 human zombies (Ossuary)
  A hound (D:5)
  A bullfrog skeleton (D:5)
  Natasha (thrice) (D:3)
  An orc wizard (D:5)
  2 mummies (Ossuary)
  A worker ant zombie (D:3)
  8 gnolls
  11 adders
  2 adder skeletons
  An adder zombie (Ossuary)
  A worm (D:3)
  2 dart slugs
  A leopard gecko (D:2)
  10 orcs
  A ball python (D:3)
  3 giant cockroaches
  11 goblins
  8 hobgoblins
  7 jackals
  9 kobolds
  4 quokkas
  6 bats
  7 frilled lizards
  2 goblin zombies (Ossuary)
  9 hobgoblin zombies (Ossuary)
  A jackal zombie (Ossuary)
  10 kobold zombies (Ossuary)
  7 orc zombies (Ossuary)
  12 rats
  A rat zombie (Ossuary)
151 creatures vanquished.

Notes
Turn   | Place    | Note
-------+----------+-------------------------------------------
     0 | Abyss:1  | robertstho the Formicid Abyssal Knight began the quest for
                  | the Orb.
     0 | Abyss:1  | Reached XP level 1. HP: 18/18 MP: 2/2
     5 | Abyss:1  | Found a burning altar of Makhleb.
    79 | Abyss:1  | Noticed an apocalypse crab
    80 | D:1      | Escaped the Abyss
   440 | D:1      | Reached XP level 2. HP: 24/24 MP: 3/3
   578 | D:1      | Reached * piety under Lugonu
  1004 | D:1      | Reached XP level 3. HP: 11/29 MP: 4/4
  1373 | D:2      | Found an ancient bone altar of Kikubaaqudgha.
  1613 | D:2      | Reached XP level 4. HP: 37/37 MP: 5/5
  2004 | D:2      | Reached skill level 1 in Dodging
  2193 | D:2      | Upgraded the game from 0.27-a0-660-g90476cec82 to
                  | 0.27-a0-668-gb5737ff2c0
  2194 | D:2      | Reached ** piety under Lugonu
  2195 | D:2      | Reached XP level 5. HP: 19/43 MP: 7/7
  3314 | D:3      | Noticed a centaur
  3336 | D:3      | Killed a centaur
  3337 | D:3      | Reached skill level 1 in Short Blades
  3337 | D:3      | Reached XP level 6. HP: 42/50 MP: 8/8
  3582 | D:3      | Found a sparkling altar of Nemelex Xobeh.
  3676 | D:3      | Noticed Natasha
  3688 | D:3      | Killed Natasha
  3807 | D:3      | Noticed Natasha
  3820 | D:3      | Killed Natasha
  3866 | D:3      | Reached skill level 5 in Fighting
  4051 | D:3      | Noticed Natasha
  4061 | D:3      | Killed Natasha
  4062 | D:3      | Reached XP level 7. HP: 52/56 MP: 8/10
  4180 | D:4      | Reached *** piety under Lugonu
  4218 | D:4      | Found a runed translucent door.
  4219 | D:4      | Noticed Crazy Yiuf
  4994 | D:4      | Identified the ring "Feeth" {rN+ Slay+2}
  5035 | D:4      | You fall into a shaft and drop 3 floors!
  5425 | D:7      | Found a hide-covered altar of Uskayaw.
  5425 | D:7      | Noticed a troll
  5505 | D:5      | Entered Level 5 of the Dungeon
  5529 | D:5      | Reached skill level 5 in Armour
  5731 | D:5      | Found a sand-covered staircase.
  5740 | Ossuary  | Entered an ossuary
  6282 | Ossuary  | Reached XP level 8. HP: 6/63 MP: 11/11
  6345 | Ossuary  | Reached **** piety under Lugonu
  6398 | Ossuary  | HP: 1/64 [mummy (11)]
  7052 | D:5      | Found a staircase to the Ecumenical Temple.
  7449 | D:5      | You fall into a shaft and drop 1 floor!
  7449 | D:6      | HP: 3/64 [poisoned by a worker ant]
  7740 | D:6      | You fall into a shaft and drop 1 floor!
  7742 | D:7      | HP: 2/64 [gnoll/+0 flail (8)]
  7742 | D:7      | Slain by a gnoll sergeant

Illustrated notes

Levels and vault maps discovered:
D:1:      minmay_arrival_split_and_join, layout_basic
D:2:      layout_rooms, old_standard_altar
D:3:      minmay_evil_eye, layout_rooms, nemelex_altar_shiori, uniq_natasha
D:4:      cheibrodos_barr_body, layout_basic, lemuel_doored_altar,
          elyvilon_altar_4, uniq_crazy_yiuf_cottage
D:5:      layout_loops_ring, minmay_temple_entry_statues,
          chequers_ossuary_entry_cave, kennysheep_pointless_box,
          hangedman_decor_riveting, serial_bayou_lake_a
D:6:      layout_loops_corners, uniq_blork_the_orc
D:7:      layout_basic, grunt_temple_overflow_cloverleaf

Skill      XL: |  1  2  3  4  5  6  7 |
---------------+----------------------+-----
Fighting       | 4 5 |  5.9
Armour         | 3 4 5 |  5.7
Dodging        | 1 2 |  2.1
Invocations    | 3 4 |  4.8
Short Blades   | 1 2 |  2.4
Axes           | 3 |  3.4
Stealth        | |  0.1

Action                   |  1- 3 |  4- 6 |  7- 9 || total
-------------------------+-------+-------+-------++-------
Melee: Hand axe          |    41 |       |   182 ||   223
       Short sword       |    37 |   206 |    40 ||   283
       Dagger            |       |       |    62 ||    62
Invok: Depart the Abyss  |     1 |       |       ||     1
       Bend Space        |       |       |     1 ||     1
 Abil: Dig               |       |       |     3 ||     3
       Shaft Self        |       |       |     2 ||     2
Evoke: Wand              |       |     2 |     5 ||     7
  Use: Potion            |       |       |     6 ||     6
       Scroll            |       |       |     4 ||     4
Armor: Leather armour    |     4 |       |       ||     4
       Scale mail        |    31 |   112 |   127 ||   270
Dodge: Dodged            |    37 |   110 |   189 ||   336

Table legend: (Time is in decaauts)
 A = Elapsed time spent in this place.
 B = Non-inter-level travel time spent in this place.
 C = Inter-level travel time spent in this place.
 D = Time resting spent in this place.
 E = Time spent auto-exploring this place.
 F = Levels seen in this place.
 G = Mean time per level.
                   A        B        C        D        E       F      G
               +--------+--------+--------+--------+--------+-----+--------+
         Total |   7816 |   7697 |    119 |   2322 |   3445 |   9 |  868.4 |
       Dungeon |   6438 |   6319 |    119 |   1792 |   3366 |   7 |  919.7 |
         Abyss |     80 |     80 |      0 |      0 |     79 |   1 |   80.0 |
       Ossuary |   1297 |   1297 |      0 |    530 |      0 |   1 | 1297.0 |
               +--------+--------+--------+--------+--------+-----+--------+

Top non-repeatable levels by time:
     D:3: 1579 daAuts
     D:2: 1524 daAuts
     D:1: 1300 daAuts
 Ossuary: 1297 daAuts
     D:5: 689 daAuts
     D:4: 581 daAuts
     D:7: 433 daAuts
     D:6: 329 daAuts
 Abyss:1: 80 daAuts
